 Dungeon Crawl Stone Soup version 0.28-a0-793-g31680bb (webtiles) character file.

Game seed: 11701192658128558697

37866 Sixotanaka the Gelid (level 13, -5/80 HPs)
             Began as a Merfolk Ice Elementalist on Nov 3, 2021.
             Was an Elder of Vehumet.
             Slain by a manticore (7 damage)
             ... on level 6 of the Lair of Beasts.
             The game lasted 01:01:07 (19022 turns).

Sixotanaka the Gelid (Merfolk Ice Elementalist)    Turns: 19022, Time: 01:01:07

Health: -5/80      AC: 15    Str:  8    XL:     13   Next: 99%
Magic:  2/27       EV: 22    Int: 19    God:    Vehumet [****..]
Gold:   771        SH:  5    Dex: 15    Spells: 3/19 levels left

rFire   + . .      SeeInvis .   a - +1 short sword (elec)
rCold   + . .      Faith    .   p - +0 buckler
rNeg    . . .      Spirit   .   y - +1 leather armour {rF+}
rPois   +          Reflect  .   j - +0 helmet
rElec   .          Harm     .   D - +0 cloak {rPois}
rCorr   .          Rampage  .   k - +0 pair of gloves
Will    .....                   (boots currently unavailable)
Stlth   +++.......              g - amulet of regeneration
HPRegen 1.23/turn               P - ring of magical power
MPRegen 0.20/turn               n - ring of protection from cold

@: ice-armoured, spiked, freezing walls, hasted, very quick
A: nimble swimmer 2, mertail
a: Renounce Religion


You were on level 6 of the Lair of Beasts.
You worshipped Vehumet.
Vehumet was greatly pleased with you.
You visited 3 branches of the dungeon, and saw 17 of its levels.

You collected 895 gold pieces.
You spent 124 gold pieces at shops.

Inventory:

Hand Weapons
 a - a +1 short sword of electrocution (weapon)
 b - a +0 dagger of venom
 F - a +2 rapier of holy wrath
Armour
 j - a +0 helmet (worn)
 k - a +0 pair of gloves (worn)
 p - a +0 buckler (worn)
 y - a +1 leather armour of fire resistance (worn)
 D - a +0 cloak of poison resistance (worn)
Magical Staves
 w - a staff of cold
Jewellery
 c - a ring of fire
 g - an amulet of regeneration (around neck)
 i - the ring "Emoi" {Ice Stlth+}
   (You found it on level 7 of the Dungeon)

   [ring of ice]

   It enhances your ice magic.
   rF:        It makes you vulnerable to fire.
   rC:        It protects you from cold.
   Stlth:     It makes you more stealthy.
 n - a ring of protection from cold (right hand)
 o - a ring of willpower
 B - a ring of wizardry
 C - a ring of positive energy
 J - a ring of resist corrosion
 P - a ring of magical power (left hand)
Wands
 f - a wand of polymorph (15)
 l - a wand of flame (30)
 t - a wand of mindburst (26)
 v - a wand of acid (6)
Scrolls
 d - 3 scrolls of enchant armour
 e - 2 scrolls of enchant weapon
 h - a scroll of immolation
 E - a scroll of amnesia
 G - 3 scrolls of silence {unknown}
 I - 6 scrolls of magic mapping
 K - 2 scrolls of vulnerability {unknown}
 M - 2 scrolls of fog {unknown}
 O - 2 scrolls of brand weapon {unknown}
Potions
 m - 3 potions of mutation
 s - 3 potions of flight
 u - 2 potions of haste
 x - a potion of magic {unknown}
 z - 2 potions of ambrosia
 A - 2 potions of brilliance
 H - 2 potions of berserk rage
 N - 2 potions of attraction {unknown}


   Skills:
 - Level 0.3 Fighting
 - Level 12.0 Short Blades
 + Level 13.5 Dodging
 - Level 2.9 Stealth
 - Level 4.0 Shields
 - Level 3.5 Spellcasting
 + Level 6.7 Conjurations
 - Level 18.0 Ice Magic


You had 3 spell levels left.
You knew the following spells:

 Your Spells              Type           Power      Damage    Failure   Level
a - Freeze                Ice            100%       1d11      0%          1
b - Frozen Ramparts       Ice            100%       1d12      1%          3
c - Ozocubu's Armour      Ice            64%        N/A       1%          3
d - Hailstorm             Conj/Ice       50%        3d11      1%          4
e - Magic Dart            Conj           100%       1d8       1%          1
f - Summon Ice Beast      Ice/Summ       37%        N/A       5%          4

Your spell library contained the following spells:

 Spells                   Type           Power      Damage    Failure   Level
 Eringya's Noxious Bog    Tmut/Pois      1%         N/A       99%         6
 Dazzling Flash           Conj/Hex       32%        N/A       4%          3
 Mephitic Cloud           Conj/Pois/Air  11%        N/A       7%          3
 Slow                     Hex            12%        N/A       22%         1
 Blink                    Tloc           6%         N/A       32%         2
 Call Imp                 Summ           3%         N/A       32%         2
 Corpse Rot               Necr/Air       6%         N/A       32%         2
 Call Canine Familiar     Summ           3%         N/A       54%         3
 Confusing Touch          Hex            3%         N/A       54%         3
 Lesser Beckoning         Tloc           3%         N/A       54%         3
 Portal Projectile        Hex/Tloc       6%         N/A       54%         3
 Iskenderun's Mystic Bla  Conj/Tloc      16%        2d5       14%         4
 Yara's Violent Unravell  Hex/Tmut       1%         3d3       78%         5
 Starburst                Conj/Fire      8%         6d4       87%         6
 Dispel Undead            Necr           3%         3d7       91%         4
 Leda's Liquefaction      Hex/Erth       1%         N/A       91%         4
 Manifold Assault         Tloc           3%         N/A       99%         5
 Summon Mana Viper        Hex/Summ       3%         N/A       99%         5
 Death Channel            Necr           1%         N/A       100%        6
 Monstrous Menagerie      Summ           1%         N/A       100%        7


Dungeon Overview and Level Annotations

Branches:
Dungeon (10/15)            Temple (1/1) D:6            Lair (6/6) D:8
  Snake (0/4) Lair:3        Slime (0/5) Lair:5
  Swamp: Lair:2-4    Shoals: Lair:2-4       Orc: D:9-12

Altars:
Ashenzari
Dithmenos
Elyvilon
Hepliaklqana
Kikubaaqudgha
Makhleb
Nemelex Xobeh
Okawaru
Qazlal
Ru
Sif Muna
Trog
Uskayaw
Vehumet
Xom
Yredelemnul
The Shining One
Jiyva

Shops:
D:6 =[*[*(   D:7 :=[=[

Annotations:
D:2 1 runed translucent door, Crazy Yiuf
D:9 exclusion: door
Lair:2 1 runed translucent door
Lair:3 2 transporters, Reanuypn's ghost, adept MiBe
Lair:4 !rupert, Rupert


Innate Abilities, Weirdness & Mutations

You are quick and stealthy near water. (Stealth+, EV+, Speed+++)
Your lower body shifts to a powerful aquatic tail in water.


Message History

The manticore barely misses you. The manticore claws you.
* * * LOW HITPOINT WARNING * * *
The manticore claws you but does no damage.
Unknown command.
Unknown command.
Okay, then.
Casting: Summon Ice Beast (dangerous; 5% risk of failure)
Confirm with . or Enter, or press ? or * to list all spells.
Casting: Hailstorm (safe; 1% risk of failure)
Press: ? - help, Dir - look around, f - activate
Okay, then.
Casting: Hailstorm (safe; 1% risk of failure)
Confirm with . or Enter, or press ? or * to list all spells.
Okay, then.
Casting: Hailstorm (safe; 1% risk of failure)
Confirm with . or Enter, or press ? or * to list all spells.
Aiming: Freeze (safe; 0% risk of failure)
Press: ? - help, Shift-Dir - straight line, f - manticore
Aim: a manticore (heavily wounded)
You freeze the manticore.
The manticore is heavily wounded.
The wall freezes the manticore.
The manticore closely misses you. You block the manticore's attack.
The manticore misses you.
The wall freezes the cane toad!
The cane toad seems to slow down.
The cane toad closely misses you.
The rime drake resists.
The wall freezes the rime drake.
Casting: Freeze (safe; 0% risk of failure)
Confirm with . or Enter, or press ? or * to list all spells.
Aiming: Freeze (safe; 0% risk of failure)
Press: ? - help, Shift-Dir - straight line, f/p - manticore
Aim: a manticore (heavily wounded)
You freeze the manticore!
The manticore is heavily wounded.
A cane toad comes into view.
The wall freezes the cane toad!
The cane toad seems to slow down.
You block the cane toad's attack.
Your ice beast hits the cane toad.
Your ice beast freezes the cane toad!
The wall freezes the manticore!
The manticore misses you. The manticore closely misses you.
The manticore claws you!
You die...

.. ≈≈≈F≈ .. ≈≈.≈ ≈
...##≈#≈ ⌠≈
....≈##≈≈###≈###
#...≈≈≈≈≈≈≈≈≈≈≈≈
##...≈≈≈≈≈≈≈≈≈≈≈.
....≈##≈≈##≈≈≈#P≈≈ ###
##...##@H#≈≈≈##≈P≈
#.###...≈.FHF≈≈≈≈≈.≈.≈
##.#.......FkY........
#..P.....:...........
##.............P.....P
#.<..................#
##.....†...†..........
#P#...#.P........(...
####.†#..............


You could see 2 manticores, 3 cane toads, a blink frog, a rime drake and a
friendly ice beast (summoned).

Vanquished Creatures
  6 hydras
  Erica (D:10)
  A merfolk avatar (Lair:6)
  5 two-headed ogres (D:9)
  Pikel (D:4)
  A deep elf pyromancer (D:10)
  2 elephants (Lair:6)
  Maurice (D:9)
  6 black mambas
  A torpor snail (Lair:3)
  6 cane toads
  Psyche (D:9)
  Maggie (Lair:2)
  8 komodo dragons
  A troll (D:10)
  2 polar bears
  2 hornets
  Grinder (D:6)
  6 blink frogs
  4 dream sheep (Lair:3)
  51 yaks
  Grum (D:8)
  A wraith (D:9)
  A steam dragon (Lair:6)
  4 basilisks
  Menkaure (D:7)
  Edmund (D:4)
  3 nagas (Lair:3)
  10 water moccasins
  4 orc warriors
  A hornet zombie (D:6)
  19 wolves
  2 ogres
  4 centaurs
  A phantom (D:4)
  3 kobold brigands
  8 bullfrogs
  A scorpion (D:7)
  2 gnoll sergeants
  8 killer bees
  4 wights
  A nameless horror (Lair:1)
  4 howler monkeys
  An electric eel (Lair:1)
  3 bullfrog zombies
  8 centaur zombies
  3 jellies
  4 orc priests
  2 hounds (D:5)
  2 bullfrog skeletons (D:5)
  2 iguanas
  Natasha (thrice) (D:4)
  8 orc wizards
  2 hell rats (Lair:2)
  A hound skeleton (D:4)
  Robin (D:2)
  13 gnolls
  4 river rats (Lair:2)
  8 adders
  A shadow imp (D:6)
  3 white imps
  An ufetubus (D:4)
  2 worms
  3 dart slugs
  42 orcs
  5 ball pythons
  5 endoplasms
  5 giant cockroaches
  13 goblins
  5 hobgoblins
  12 kobolds
  3 quokkas
  6 bats
  5 frilled lizards
  9 rats
377 creatures vanquished.

Vanquished Creatures (collateral kills)
  A hydra (Lair:5)
  Urug (Lair:2)
  An elephant (Lair:6)
  A blink frog (Lair:6)
  9 yaks
  2 wyverns
  A basilisk (Lair:5)
  A butterfly (Lair:5)
17 creatures vanquished.

Vanquished Creatures (others)
  A bush (Lair:3)
  62 fungi
  79 plants
142 creatures vanquished.

Grand Total: 536 creatures vanquished

Notes
Turn   | Place    | Note
-------+----------+-------------------------------------------
     0 | D:1      | Sixotanaka the Merfolk Ice Elementalist began the quest for
                  | the Orb.
     0 | D:1      | Reached XP level 1. HP: 13/13 MP: 3/3
   403 | D:1      | Reached XP level 2. HP: 19/19 MP: 3/5
   891 | D:1      | Reached skill level 5 in Ice Magic
  1130 | D:1      | Reached XP level 3. HP: 24/24 MP: 3/6
  1289 | D:2      | Learned a level 3 spell: Frozen Ramparts
  1314 | D:2      | You fall into a shaft and drop 1 floor!
  1554 | D:2      | Found a runed translucent door.
  1555 | D:2      | Noticed Crazy Yiuf
  1648 | D:2      | Learned a level 3 spell: Ozocubu's Armour
  2013 | D:2      | Noticed Robin
  2021 | D:2      | Reached XP level 4. HP: 17/30 MP: 3/7
  2024 | D:2      | Killed Robin
  2635 | D:2      | Reached XP level 5. HP: 28/35 MP: 1/9
  2863 | D:2      | Found a faded altar of an unknown god.
  3089 | D:3      | You fall into a shaft and drop 2 floors!
  3089 | D:5      | Entered Level 5 of the Dungeon
  3110 | D:5      | Reached skill level 1 in Short Blades
  3154 | D:6      | Reached skill level 6 in Ice Magic
  3244 | D:5      | Reached XP level 6. HP: 42/42 MP: 3/11
  3344 | D:4      | Noticed Pikel
  3870 | D:5      | Reached skill level 7 in Ice Magic
  3887 | D:5      | Reached XP level 7. HP: 41/47 MP: 5/12
  4447 | D:4      | Noticed Edmund
  4458 | D:4      | Killed Edmund
  4625 | D:3      | Reached skill level 8 in Ice Magic
  5050 | D:3      | Found a sacrificial altar of Ru.
  5546 | D:4      | Killed Pikel
  5547 | D:4      | Reached skill level 5 in Short Blades
  5547 | D:4      | Reached skill level 9 in Ice Magic
  5547 | D:4      | Reached XP level 8. HP: 19/53 MP: 5/13
  5831 | D:4      | Identified the +4 ring mail of Follow the Leader {+Inv}
  5857 | D:4      | Noticed Natasha
  5864 | D:4      | Killed Natasha
  5913 | D:4      | Noticed Natasha
  5917 | D:4      | Killed Natasha
  6067 | D:4      | Noticed Natasha
  6072 | D:4      | Killed Natasha
  6330 | D:5      | Reached skill level 10 in Ice Magic
  6469 | D:5      | Learned a level 4 spell: Hailstorm
  6613 | D:6      | Found Atozoomeu's Antique Armour Boutique.
  6642 | D:6      | Found a staircase to the Ecumenical Temple.
  6642 | D:6      | Noticed Grinder
  6657 | Temple   | Entered the Ecumenical Temple
  6706 | Temple   | Became a worshipper of Vehumet
  6744 | D:6      | Paralysed by Grinder for 2 turns
  6750 | D:6      | Killed Grinder
  6751 | D:6      | Reached XP level 9. HP: 35/58 MP: 8/14
  6842 | D:6      | Found Ihujytar's General Store.
  6905 | D:6      | Bought a potion of curing for 30 gold pieces
  6905 | D:6      | Bought a scroll of identify for 20 gold pieces
  6905 | D:6      | Bought a scroll of identify for 20 gold pieces
  6976 | D:6      | Found Naobampast's Assorted Antiques.
  7018 | D:6      | Found Ocuarghex's Armour Shop.
  7043 | D:6      | Found Somiger's Jewellery Shop.
  7086 | D:6      | Reached skill level 11 in Ice Magic
  7316 | D:6      | Found Bumm's Weapon Shoppe.
  7640 | D:7      | Reached skill level 12 in Ice Magic
  7642 | D:7      | Noticed Menkaure
  7818 | D:7      | Killed Menkaure
  7818 | D:7      | Reached * piety under Vehumet
  7818 | D:7      | Offered knowledge of Shock by Vehumet.
  8098 | D:7      | Identified the ring "Emoi" {Ice Stlth+}
  8145 | D:7      | Found Acabat's Jewellery Emporium.
  8152 | D:7      | Found Sucseow's Jewellery Boutique.
  8184 | D:7      | Reached XP level 10. HP: 62/64 MP: 3/15
  8307 | D:7      | Learned a level 1 spell: Magic Dart
  8307 | D:7      | Found Dydyg's Armour Boutique.
  8346 | D:7      | Found Fanyla's Book Shop.
  8363 | D:7      | Bought a +0 pair of gloves for 54 gold pieces
  8384 | D:7      | Found Agano's Armour Emporium.
  8426 | D:7      | Found an ancient bone altar of Kikubaaqudgha.
  8432 | D:7      | Found a shimmering altar of Xom.
  8437 | D:7      | Found a hide-covered altar of Uskayaw.
  8892 | D:8      | Identified the ring of New Discoveries {Fire Str+3 Int+5}
  8922 | D:8      | Reached skill level 13 in Ice Magic
  9146 | D:8      | Reached skill level 1 in Shields
  9435 | D:8      | Found a staircase to the Lair.
  9451 | D:8      | Noticed Grum
  9462 | D:8      | Killed Grum
  9680 | D:8      | Found a stormy altar of Qazlal.
  9878 | D:9      | Noticed a two-headed ogre
  9886 | D:9      | Killed a two-headed ogre
  9943 | D:9      | Found a flagged portal.
  9947 | D:9      | Noticed a two-headed ogre
  9972 | D:9      | Killed a two-headed ogre
  9976 | D:9      | Identified the +9 halberd of Massacring {freeze, rN+ Int+2}
 10078 | D:9      | Reached skill level 10 in Short Blades
 10078 | D:9      | Reached skill level 14 in Ice Magic
 10271 | D:9      | Found a bloodstained altar of Trog.
 10284 | D:9      | Reached XP level 11. HP: 69/69 MP: 11/16
 10284 | D:9      | Reached ** piety under Vehumet
 10285 | D:9      | Offered knowledge of Foxfire by Vehumet.
 10426 | D:9      | Noticed Maurice
 10504 | D:9      | Killed Maurice
 10579 | D:9      | Noticed Psyche
 10591 | D:9      | Killed Psyche
 10925 | D:9      | Noticed a two-headed ogre
 10927 | D:9      | Noticed a two-headed ogre
 10932 | D:9      | Killed a two-headed ogre
 10933 | D:9      | Reached skill level 15 in Ice Magic
 11048 | D:9      | Killed a two-headed ogre
 11211 | D:9      | Noticed a two-headed ogre
 11218 | D:9      | Killed a two-headed ogre
 11443 | D:9      | Noticed a cyan ugly thing
 11599 | D:10     | Entered Level 10 of the Dungeon
 11695 | D:10     | Offered knowledge of Static Discharge by Vehumet.
 11868 | D:10     | Reached *** piety under Vehumet
 11879 | D:10     | Reached skill level 16 in Ice Magic
 12019 | D:10     | Noticed Erica
 12034 | D:10     | Killed Erica
 12105 | D:10     | Reached skill level 5 in Dodging
 12152 | D:10     | Noticed a deep elf pyromancer
 12162 | D:10     | Killed a deep elf pyromancer
 12163 | D:10     | Reached XP level 12. HP: 72/75 MP: 17/17
 12202 | Lair:1   | Entered Level 1 of the Lair of Beasts
 12348 | Lair:1   | You fall into a shaft and drop 1 floor!
 12498 | Lair:2   | Offered knowledge of Inner Flame by Vehumet.
 12612 | Lair:2   | Noticed Urug
 12661 | Lair:1   | Learned a level 4 spell: Summon Ice Beast
 13221 | Lair:1   | Reached skill level 17 in Ice Magic
 13446 | Lair:2   | Noticed Maggie
 13570 | Lair:2   | Found a runed translucent door.
 13581 | Lair:2   | Noticed a five-headed hydra
 13736 | Lair:2   | Killed Maggie
 14184 | Lair:2   | Killed a five-headed hydra
 14590 | Lair:2   | Killed Urug
 14590 | Lair:2   | Reached **** piety under Vehumet
 15309 | Lair:3   | Offered knowledge of Irradiate by Vehumet.
 15454 | Lair:3   | Found a transporter.
 15486 | Lair:3   | Reached skill level 18 in Ice Magic
 15583 | Lair:3   | Found a staircase to the Snake Pit.
 15744 | Lair:3   | Noticed a four-headed hydra
 15745 | Lair:3   | Noticed a death yak
 15750 | Lair:3   | Noticed Reanuypn's ghost (adept MiBe)
 15761 | Lair:3   | Found a transporter.
 15790 | Lair:3   | Reached skill level 1 in Conjurations
 15800 | Lair:3   | Reached XP level 13. HP: 80/80 MP: 5/18
 15812 | Lair:3   | Reached skill level 10 in Dodging
 15965 | Lair:3   | You fall into a shaft and drop 1 floor!
 16111 | Lair:4   | Noticed Rupert
 16527 | Lair:3   | Reached ***** piety under Vehumet
 16529 | Lair:3   | Offered knowledge of Eringya's Noxious Bog by Vehumet.
 17431 | Lair:5   | You fall into a shaft and drop 1 floor!
 17431 | Lair:6   | Entered Level 6 of the Lair of Beasts
 17433 | Lair:6   | Noticed a dire elephant
 17509 | Lair:5   | Reached skill level 5 in Conjurations
 17928 | Lair:5   | Found a viscous altar of Jiyva.
 17928 | Lair:5   | Found a staircase to the Slime Pits.
 18448 | Lair:5   | HP: 2/80 [dire elephant (31)]
 19020 | Lair:6   | HP: 1/80 [manticore (6)]
 19022 | Lair:6   | Slain by a manticore

Illustrated notes

Levels and vault maps discovered:
D:1:      dpeg_arrival_boxorama, layout_loops_ring, skrybe_limestone_x
D:2:      layout_basic, shapermc_ecumenical_altar_acropolis,
          minmay_misc_feat_enclosed, minmay_misc_feat_more_columns,
          nrook_campfire, minmay_misc_feat_diagonals, uniq_robin,
          uniq_crazy_yiuf_cottage
D:3:      layout_basic, nicolae_ru_the_path_less_chosen
D:4:      layout_loops_ring, uniq_edmund, uniq_natasha, uniq_pikel
D:5:      layout_basic
D:6:      layout_rooms, minmay_temple_entry_wispy, serial_shops,
          nicolae_shop_stone, nicolae_shop_waterfront, nicolae_square_shop,
          shop, shop, nicolae_ossuary_entry_monument, nicolae_take_the_stairs,
          kennysheep_small_square, uniq_grinder
D:7:      layout_basic, minmay_overflow_temple_star_quad, serial_shops,
          kennysheep_little_box, kennysheep_mini, nicolae_stop_n_shop_2, shop,
          shop, uniq_menkaure
D:8:      layout_basic, nicolae_qazlal_eye_of_the_storm, lair_entry_dummy,
          uniq_grum
D:9:      layout_roguey, trog_three_pillars_becter, enter_bailey_2,
          evilmike_minifort, uniq_psyche, uniq_maurice
D:10:     layout_basic, kb_rosetta, uniq_erica
Temple:   nicolae_temple_elliptical
Lair:1:   layout_gridlike, serial_bayou_pond_e
Lair:2:   gammafunk_indiana_jones, layout_cave_pods, kennysheep_abandoned_house,
          uniq_maggie, uniq_urug
Lair:3:   layout_long_grid, minmay_snake_entry_guardpost_small,
          gammafunk_ghost_arena, serial_bayou_shore_b
Lair:4:   layout_cave_pods, minmay_swamp_entry_reptiles, serial_bayou_lake_a,
          uniq_rupert
Lair:5:   layout_gridlike, slime_altar_1, grunt_megastairs_5, lemuel_fruit_tree,
          lemuel_fruit_fields, serial_bayou_shore_a
Lair:6:   gammafunk_lair_ancient_temple, layout_misc_corridors, basic_altar,
          grunt_megastairs_2

Skill      XL: |  1  2  3  4  5  6  7  8  9 10 11 12 13 |
---------------+----------------------------------------+-----
Ice Magic      | 5 6 7 9 10 12 14 16 18 | 18.0
Spellcasting   | 3 |  3.5
Short Blades   | 1 3 5 6 8 10 12 | 12.0
Dodging        | 3 5 9 13 | 13.5
Shields        | 3 4 |  4.0
Conjurations   | 2 6 |  6.7
Fighting       | |  0.3
Stealth        | |  2.9

Action                   |  1- 3 |  4- 6 |  7- 9 | 10-12 | 13-15 || total
-------------------------+-------+-------+-------+-------+-------++-------
Melee: Short sword       |     2 |       |   149 |   105 |    44 ||   300
       Dagger            |    16 |   186 |    12 |   146 |    10 ||   370
       Unarmed           |     1 |       |       |       |       ||     1
       Rapier            |       |       |       |    51 |       ||    51
       Tailslap          |       |       |       |     1 |       ||     1
       Staff             |       |       |       |       |     1 ||     1
 Cast: Freeze            |    42 |    20 |    39 |   110 |   126 ||   337
       Frozen Ramparts   |     1 |    12 |    36 |    70 |    28 ||   147
       Ozocubu's Armour  |       |    10 |    24 |    48 |    21 ||   103
       Hailstorm         |       |       |     3 |    30 |    21 ||    54
       Summon Ice Beast  |       |       |       |    27 |    26 ||    53
       Magic Dart        |       |       |       |     1 |     5 ||     6
Evoke: Wand              |       |       |       |       |     2 ||     2
  Use: Scroll            |       |     4 |    10 |     5 |     2 ||    21
       Potion            |       |       |       |       |     8 ||     8
 Stab: Sleeping          |     6 |       |     3 |     1 |       ||    10
       Distracted        |       |       |       |       |     1 ||     1
Armor: Robe              |    11 |     2 |       |       |       ||    13
       Animal skin       |       |   113 |     9 |       |       ||   122
       Leather armour    |       |       |    32 |    96 |    66 ||   194
Dodge: Dodged            |    27 |   178 |    88 |   226 |   176 ||   695
Block: Buckler           |       |       |       |    34 |    50 ||    84

Table legend: (Time is in decaauts)
 A = Elapsed time spent in this place.
 B = Non-inter-level travel time spent in this place.
 C = Inter-level travel time spent in this place.
 D = Time resting spent in this place.
 E = Time spent auto-exploring this place.
 F = Levels seen in this place.
 G = Mean time per level.
                   A        B        C        D        E       F      G
               +--------+--------+--------+--------+--------+-----+--------+
         Total |  18795 |  18025 |    770 |   5652 |   7981 |  17 | 1105.6 |
       Dungeon |  12025 |  11511 |    514 |   3538 |   5388 |  10 | 1202.5 |
        Temple |     70 |     50 |     20 |     23 |      0 |   1 |   70.0 |
          Lair |   6699 |   6464 |    235 |   2091 |   2593 |   6 | 1116.5 |
               +--------+--------+--------+--------+--------+-----+--------+

Top non-repeatable levels by time:
     D:9: 1725 daAuts
  Lair:2: 1646 daAuts
  Lair:5: 1493 daAuts
     D:1: 1491 daAuts
     D:5: 1487 daAuts
  Lair:3: 1450 daAuts
  Lair:1: 1303 daAuts
     D:2: 1254 daAuts
     D:7: 1245 daAuts
     D:4: 1142 daAuts
     D:3: 1132 daAuts
     D:8: 1029 daAuts
     D:6: 964 daAuts
    D:10: 552 daAuts
  Lair:4: 476 daAuts
